 Dungeon Crawl Stone Soup version 0.20.1-1-g8b1a95d66d (webtiles) character file.

133 Jynx the Sneak (level 4, -2/30 HPs)
             Began as a Vampire Enchanter on Dec 20, 2017.
             Slain by an orc
             ... wielding a +0 falchion
              (5 damage)
             ... on level 3 of the Dungeon.
             The game lasted 00:06:28 (4048 turns).

Jynx the Sneak (Vampire Enchanter)                  Turns: 4048, Time: 00:06:28

Health: -2/30      AC:  4    Str:  7    XL:     4   Next: 93%
Magic:  4/7        EV: 13    Int: 17    God:
Gold:   190        SH:  0    Dex: 15    Spells: 1/7 levels left

rFire    . . .     SeeInvis +   e - +1 dagger (venom)
rCold    + . .     Gourm    .   (no shield)
rNeg     + + .     Faith    .   b - +0 robe
rPois    +         Spirit   .   f - +1 hat
rElec    .         Reflect  .   j - +0 cloak
rCorr    .         Harm     .   (no gloves)
MR       .....                  (no boots)
Stlth    ++++......             (no amulet)
Regen    0.1/turn               (no ring)
MPRegen  0.1/turn               (no ring)

@: regenerating slowly
A: fangs 3, see invisible, unbreathing
a: Bat Form


You were on level 3 of the Dungeon.
You were near bloodless.

You visited 1 branch of the dungeon, and saw 4 of its levels.

You collected 190 gold pieces.

Inventory:

Hand Weapons
 e - a +1 dagger of venom (weapon)
Armour
 b - a +0 robe (worn)
 f - a +1 hat (worn)
 j - a +0 cloak (worn)
Wands
 n - a wand of polymorph (14/24)
Scrolls
 a - 2 scrolls of magic mapping
 g - a scroll of remove curse {unknown}
 m - a scroll of teleportation {unknown}
 o - a scroll of identify
Potions
 d - 2 potions of ambrosia {unknown}
 i - a potion of lignification {unknown}
 k - 2 potions of curing {unknown}
 l - a potion of invisibility {unknown}
 p - a potion of haste {unknown}
Books
 c - a book of Maledictions

   Spells                             Type                      Level
   a - Corona                         Hexes                        1
   b - Ensorcelled Hibernation        Hexes/Ice                    2
   c - Confuse                        Hexes                        3
   d - Tukima's Dance                 Hexes                        3
   e - Dazzling Spray                 Conjuration/Hexes            3


   Skills:
 * Level 3.5 Short Blades
 - Level 2.1 Dodging
 + Level 6.1 Stealth
 - Level 2.0 Spellcasting
 + Level 5.5 Hexes


You had one spell level left.
You knew the following spells:

 Your Spells              Type           Power        Failure   Level  Hunger
a - Corona                Hex            ###....      1%          1    #......
b - Ensorcelled Hibernat  Hex/Ice        ##....       10%         2    ###....
c - Confuse               Hex            ###.....     6%          3    ###....


Dungeon Overview and Level Annotations

Branches:
Dungeon (4/15)
 Temple: D:4-7

Altars:
Ashenzari

Shops:
D:4 ?

Annotations:
D:4 Jynx's ghost, amateur DECj


Innate Abilities, Weirdness & Mutations

You heal slowly.
You have razor-sharp teeth.
You have supernaturally acute eyesight. (SInv)
You can survive without breathing.


Message History

The puff of flame hits you!
* * * LOW HITPOINT WARNING * * *
Things that are here:
a club; a leather armour; an orc corpse You hit the orc.
The orc is heavily wounded.
The orc wizard hits you but does no damage.
The orc hits you but does no damage.
You closely miss the orc.
The orc is heavily wounded.
Unknown command.
Casting: Corona
Confirm with . or Enter, or press ? or * to list all spells.
Aiming: Confuse
Press: ? - help, Shift-Dir - straight line, f - orc wizard
Aim: an orc wizard, wielding a dagger and wearing a robe (moderately wounded, poisoned, chance to defeat MR: 50%)
The orc wizard resists with some effort.
The orc wizard miscasts a cantrip.
The orc hits you with a falchion.
You die...

#...........#........##
#...........#...[....##
#...........#....[...##
#..............########
#..........)........# #
#...................#
###########.........#
######o...'.........#
#...##@####.........#
#...##)o....#########
#.......###.#
#.........#.#
#....)....#.#######
#...##'####.......#
#>..##.#).'.......#
#...##.#.##..[)>..#
#...##[<)##...)...#


You could see an orc wizard and an orc.

Vanquished Creatures
  An orc priest (D:3)
  An adder (D:3)
  An ooze (D:3)
  3 worms (D:2)
  A dart slug (D:2)
  3 leopard geckos
  9 orcs (D:3)
  A ball python (D:3)
  8 bats
  3 giant cockroaches
  9 goblins
  7 hobgoblins
  3 jackals (D:1)
  4 frilled lizards
  4 kobolds
  6 rats
64 creatures vanquished.

Notes
Turn   | Place    | Note
-------+----------+-------------------------------------------
     0 | D:1      | Jynx the Vampire Enchanter began the quest for the Orb.
     0 | D:1      | Reached XP level 1. HP: 13/13 MP: 3/3
   452 | D:1      | Reached XP level 2. HP: 19/19 MP: 5/5
   864 | D:1      | Reached skill level 5 in Stealth
  1109 | D:2      | Found a shattered altar of Ashenzari.
  1216 | D:2      | Reached XP level 3. HP: 24/24 MP: 6/6
  1678 | D:2      | Reached skill level 5 in Hexes
  2089 | D:3      | Reached XP level 4. HP: 21/30 MP: 7/7
  2280 | D:3      | Reached skill level 6 in Stealth
  2841 | D:4      | Noticed an ogre
  2903 | D:3      | Learned a level 2 spell: Ensorcelled Hibernation
  2907 | D:3      | Learned a level 3 spell: Confuse
  2951 | D:4      | Found Yngua's Magic Scroll Shoppe.
  3018 | D:4      | Noticed a phantom
  3062 | D:4      | Noticed Jynx's ghost (amateur DECj)
  3645 | D:4      | HP: 1/30 [Jynx's ghost (1)]
  4048 | D:3      | Slain by an orc

Skill      XL: |  1  2  3  4 |
---------------+-------------+-----
Short Blades   | 2 3 |  3.5
Stealth        | 5 6 |  6.1
Hexes          | 5 |  5.5
Dodging        | |  2.1
Spellcasting   | |  2.0

Action                   |  1- 3 |  4- 6 || total
-------------------------+-------+-------++-------
Melee: Dagger            |   117 |    98 ||   215
       Bite              |    11 |     7 ||    18
 Cast: Confuse           |       |     9 ||     9
       Corona            |       |     2 ||     2
  Use: Scroll            |     3 |     1 ||     4
       Potion            |       |     1 ||     1
 Stab: Sleeping          |    11 |     4 ||    15
       Distracted        |     1 |       ||     1
       Confused          |       |     1 ||     1
  Eat: Corpse            |     5 |     3 ||     8
Armor: Robe              |    23 |    44 ||    67
Dodge: Dodged            |    75 |    92 ||   167
